 Dungeon Crawl Stone Soup version 0.20.0-15-g7f486f2 (webtiles) character file.

1763 Inarius the Digger (level 9, 0/49 HPs)
             Began as a Gargoyle Earth Elementalist on June 27, 2017.
             Was a Follower of Hepliaklqana.
             Slain by a mummy (10 damage)
             ... on level 7 of the Dungeon.
             The game lasted 00:20:27 (7245 turns).

Inarius the Digger (Gargoyle Earth Elementalist)    Turns: 7245, Time: 00:20:28

Health: 0/49       AC: 10    Str: 14    XL:     9   Next: 7%
Magic:  11/15      EV: 11    Int: 19    God:    Hepliaklqana [*.....]
Gold:   402        SH:  0    Dex: 10    Spells: 1/16 levels left

rFire    . . .     SeeInvis .   w - +4 quarterstaff (chaos)
rCold    . . .     Gourm    .   (shield currently unavailable)
rNeg     + . .     Faith    .   a - +0 leather armour
rPois    ∞         Spirit   .   (no helmet)
rElec    +         Reflect  .   x - +0 cloak
rCorr    +         Harm     .   (no gloves)
MR       .....                  (no boots)
Stlth    ++........             (no amulet)
Regen    0.2/turn               o - ring of resist corrosion
MPRegen  0.2/turn               D - +2 ring of strength

@: no status effects
A: reduced essence, negative energy resistance 1, electricity resistance,
unbreathing, petrification resistance, rot immunity, AC +5
a: Recall Ancestor, Ancestor Identity, Renounce Religion


You were on level 7 of the Dungeon.
You worshipped Hepliaklqana.
Hepliaklqana was aware of your devotion.
You were not hungry.

You visited 1 branch of the dungeon, and saw 7 of its levels.

You collected 402 gold pieces.

Inventory:

Hand Weapons
 w - a +4 quarterstaff of chaos (weapon)
Missiles
 b - 225 stones (quivered)
Armour
 a - a +0 leather armour (worn)
 t - a +0 scale mail
 x - a +0 cloak (worn)
Jewellery
 o - a ring of resist corrosion (left hand)
 D - a +2 ring of strength (right hand)
Wands
 c - a wand of polymorph (16/24)
 v - a wand of confusion (15/48)
 G - a wand of paralysis (11/24)
 H - a wand of flame (14/48)
Scrolls
 f - a scroll of immolation
 l - 8 scrolls of teleportation
 p - a scroll of fog
 q - a scroll of identify
 r - a scroll of blinking {unknown}
 u - a scroll of fear {unknown}
 y - a scroll of remove curse
 z - a scroll of enchant armour {unknown}
 C - a scroll of amnesia {unknown}
 E - a scroll of enchant weapon {unknown}
 F - a scroll of random uselessness {unknown}
Potions
 h - 4 potions of heal wounds {unknown}
 i - 2 potions of berserk rage {unknown}
 j - a potion of magic {unknown}
 k - 2 potions of lignification {unknown}
 n - 2 potions of flight {unknown}
 s - 2 potions of might {unknown}
 I - a potion of mutation {unknown}
Books
 e - a book of Geomancy

   Spells                             Type                      Level
   a - Sandblast                      Earth                        1
   b - Passwall                       Transmutation/Earth          2
   c - Stone Arrow                    Conjuration/Earth            3
   d - Petrify                        Transmutation/Earth          4
   e - Lee's Rapid Deconstruction     Earth                        5
 B - a book of Callings

   Spells                             Type                      Level
   a - Summon Small Mammal            Summoning                    1
   b - Call Imp                       Summoning                    2
   c - Call Canine Familiar           Summoning                    3
   d - Summon Guardian Golem          Hexes/Summoning              3
   e - Summon Lightning Spire         Summoning/Air                4
   f - Summon Ice Beast               Ice/Summoning                4
Comestibles
 d - 3 bread rations
 g - 5 meat rations
 m - 2 chunks of flesh
 A - 4 fruits
 J - a royal jelly


   Skills:
 * Level 6.1 Fighting
   Level 0.6 Short Blades
 + Level 4.8 Armour
 - Level 1.5 Dodging
 - Level 2.1 Stealth
 + Level 4.4 Spellcasting
 * Level 4.1 Conjurations
 + Level 2.5 Transmutations
 + Level 6.4 Earth Magic
 - Level 1.4 Invocations
 + Level 1.4 Evocations


You had one spell level left.
You knew the following spells:

 Your Spells              Type           Power        Failure   Level  Hunger
a - Sandblast             Erth           ####..       1%          1    None
b - Stone Arrow           Conj/Erth      ###...       5%          3    ###....
c - Petrify               Tmut/Erth      ###.....     26%         4    ####...
d - Passwall              Tmut/Erth      ###.......   3%          2    #......
e - Lee's Rapid Deconstr  Erth           ####......   30%         5    ######.


Dungeon Overview and Level Annotations

Branches:
Dungeon (7/15)             Temple (0/1) D:5

Altars:
Elyvilon
Hepliaklqana
Makhleb
Ru
Sif Muna
Yredelemnul

Portals:
Ossuary: D:7

Annotations:
D:7 Prince Ribbit


Innate Abilities, Weirdness & Mutations

You are resistant to torment.
Your stone body is resilient. (AC +5)
You are immune to poison.
You resist negative energy. (rN+)
You are resistant to electric shocks. (rElec)
You can survive without breathing.
You are immune to petrification.
You are immune to rotting.
Your life essence is reduced. (-10% HP)


Message History

Prince Ribbit hits Ayize!
Ayize has departed this plane of existence.
Found a lead wand.
You open the door.
A mummy comes into view.
Found a sand-covered staircase.
Prince Ribbit blinks!
There is an open door here.
An arrow shoots out and hits you!
There is an arrow trap here.
You hit the mummy but do no damage.
Prince Ribbit catches a millipede with his tongue.
Prince Ribbit barely misses you. The mummy hits you.
You completely miss the mummy. Prince Ribbit closely misses you.
Prince Ribbit hits you! The mummy misses you.
You completely miss the mummy. Prince Ribbit hits you! x2
* * * LOW HITPOINT WARNING * * *
The mummy hits you but does no damage. Prince Ribbit barely misses you.
The mummy hits you!
You die...

**,**** *,*##** #.F..#
,,,,,,* *,,,.,* #R####
**,**,* *****#.* #.#
**,**,***./.##.#####§###
**,,,,,,,..............#
**,**,***,.#####'#####.#
**,**,*
**,,*#..^..#*,.#*
,,,,,,*
**,,##.MF##,,*.*********
**,****
**,,##@##,,**#.,,,,,**,
*,,,,***
**,,###,,***>##***,**,
*,**,,,* **,,*,,***,**
*,**, *,****,*
**,,,,,*,** **,**, *,*
*,* ***,,*,** **,,,,,
*,* *,*
**,*,******,,*,,,
*,****,******
*,*,,,,,,,,,**,,
*,,,,,,,,,,,*
**,*,*******,*,,,
******,****,* *,,,,*
*,,,,,


You could see Prince Ribbit and a mummy.

Vanquished Creatures
  Sigmund (D:3)
  Menkaure (D:7)
  A necrophage (D:6)
  2 phantoms
  An ogre (D:6)
  Blork the orc (D:4)
  A scorpion (D:5)
  2 howler monkeys (D:5)
  A bullfrog zombie (D:5)
  A hound (D:6)
  Crazy Yiuf (D:3)
  3 orc priests
  4 orc wizards
  Jessica (D:2)
  Terence (D:3)
  2 worker ants
  A worker ant zombie (D:6)
  7 adders
  4 gnolls
  5 worms
  A dart slug (D:2)
  3 leopard geckos (D:2)
  13 orcs
  A ball python (D:7)
  A bat (D:2)
  4 giant cockroaches
  2 goblins
  10 hobgoblins
  12 jackals
  4 quokkas
  3 frilled lizards
  A jackal skeleton (D:4)
  2 kobolds (D:1)
  A quokka skeleton (D:6)
  7 rats
106 creatures vanquished.

Vanquished Creatures (collateral kills)
  An ogre (D:5)
  A bullfrog (D:6)
  2 crimson imps
  An orc priest (D:4)
  2 hounds (D:5)
  A hound skeleton (D:6)
  An adder (D:5)
  An orc (D:4)
10 creatures vanquished.

Vanquished Creatures (others)
  3 ancestors
  A dart slug (D:2)
  A leopard gecko (D:2)
  A goblin (D:2)
  A jackal (D:2)
7 creatures vanquished.

Grand Total: 123 creatures vanquished

Notes
Turn   | Place    | Note
-------+----------+-------------------------------------------
     0 | D:1      | Inarius the Gargoyle Earth Elementalist began the quest for the Orb.
     0 | D:1      | Reached XP level 1. HP: 10/10 MP: 3/3
   188 | D:1      | Reached XP level 2. HP: 5/15 MP: 5/5
   727 | D:1      | Reached skill level 1 in Armour
   948 | D:2      | Reached skill level 1 in Fighting
   948 | D:2      | Reached XP level 3. HP: 16/20 MP: 3/6
  1047 | D:2      | Found a white marble altar of Elyvilon.
  1210 | D:2      | Noticed Jessica
  1217 | D:2      | Killed Jessica
  1217 | D:2      | Reached XP level 4. HP: 18/25 MP: 4/7
  1461 | D:2      | Found a burning altar of Makhleb.
  1568 | D:3      | Noticed Sigmund
  2382 | D:3      | Killed Sigmund
  2382 | D:3      | Reached skill level 5 in Earth Magic
  2382 | D:3      | Reached XP level 5. HP: 29/31 MP: 3/9
  2382 | D:3      | Reached XP level 6. HP: 34/36 MP: 3/10
  2469 | D:3      | Found a faded altar of an unknown god.
  2861 | D:3      | Learned a level 3 spell: Stone Arrow
  2866 | D:3      | Learned a level 4 spell: Petrify
  2869 | D:3      | Learned a level 2 spell: Passwall
  3093 | D:3      | Reached skill level 1 in Transmutations
  3197 | D:3      | Found a basalt altar of Yredelemnul.
  3284 | D:3      | Noticed Terence
  3288 | D:3      | Killed Terence
  3351 | D:3      | Noticed a phantom
  3595 | D:3      | Found a deep blue altar of Sif Muna.
  3606 | D:3      | Killed a phantom
  3606 | D:3      | Reached skill level 1 in Conjurations
  3606 | D:3      | Reached XP level 7. HP: 28/41 MP: 2/11
  3830 | D:3      | Found a runed door.
  3834 | D:3      | Noticed Crazy Yiuf
  3842 | D:3      | Killed Crazy Yiuf
  4215 | D:4      | Reached skill level 1 in Evocations
  4304 | D:4      | Found a hazy altar of Hepliaklqana.
  4312 | D:4      | Became a worshipper of Hepliaklqana the Forgotten
  4694 | D:4      | Noticed Blork the orc
  4699 | D:4      | Killed Blork the orc
  5074 | D:4      | Reached XP level 8. HP: 38/42 MP: 13/13
  5301 | D:5      | Entered Level 5 of the Dungeon
  5590 | D:5      | Reached skill level 1 in Invocations
  5861 | D:5      | Found a staircase to the Ecumenical Temple.
  6274 | D:6      | Found a sacrificial altar of Ru.
  6464 | D:6      | Learned a level 5 spell: Lee's Rapid Deconstruction
  6508 | D:6      | Reached * piety under Hepliaklqana
  6756 | D:6      | Reached skill level 5 in Fighting
  6811 | D:6      | Noticed a two-headed ogre
  7201 | D:7      | Noticed Menkaure
  7205 | D:7      | Killed Menkaure
  7205 | D:7      | Reached XP level 9. HP: 43/49 MP: 7/15
  7209 | D:7      | Found a sacrificial altar of Ru.
  7223 | D:7      | Noticed Prince Ribbit
  7238 | D:7      | Found a sand-covered staircase.
  7245 | D:7      | Slain by a mummy

Skill      XL: |  1  2  3  4  5  6  7  8 |
---------------+-------------------------+-----
Armour         | 1 4 |  4.8
Earth Magic    | 4 5 6 |  6.4
Fighting       | 1 2 3 6 |  6.1
Spellcasting   | 3 4 |  4.4
Transmutations | 1 2 |  2.5
Conjurations   | 1 2 4 |  4.1
Evocations     | 1 |  1.4
Invocations    | 1 |  1.4
Short Blades   | |  0.6
Dodging        | |  1.5
Stealth        | |  2.1

Action                   |  1- 3 |  4- 6 |  7- 9 || total
-------------------------+-------+-------+-------++-------
Melee: Hand axe          |    34 |       |       ||    34
       Dagger            |    39 |   116 |     4 ||   159
       Quarterstaff      |       |       |   115 ||   115
 Cast: Sandblast         |     3 |    22 |     3 ||    28
       Stone Arrow       |       |     4 |    20 ||    24
Invok: Recall Ancestor   |       |       |     3 ||     3
  Use: Scroll            |       |     3 |     4 ||     7
 Stab: Sleeping          |     2 |     1 |     3 ||     6
       Distracted        |       |       |     1 ||     1
       Paralysed         |       |       |     1 ||     1
  Eat: Chunk             |     1 |     3 |    12 ||    16
       Bread ration      |       |     1 |     1 ||     2
Armor: Robe              |    10 |       |       ||    10
       Leather armour    |    15 |    53 |    46 ||   114
Dodge: Dodged            |    63 |    61 |    66 ||   190
